 Dungeon Crawl Stone Soup version 0.29.0-15-g675c0067aa (webtiles) character file.

Game seed: 10614603687102516965

237904 qw the Severer (level 19, -10/128 HPs)
             Began as a Gargoyle Fighter on Sept 12, 2022.
             Was a High Priest of Okawaru.
             Killed from afar by an ironbound thunderhulk (20 damage)
             ... with a bolt of lightning
             ... on level 3 of the Vaults.
             The game lasted 00:16:40 (40426 turns).

qw the Severer (Gargoyle Fighter)                  Turns: 40426, Time: 00:16:40

Health: -10/128    AC: 63    Str: 36    XL:     19   Next: 70%
Magic:  26/26      EV: 10    Int: 14    God:    Okawaru [*****.]
Gold:   2498       SH: 20    Dex:  9    Spells: 18/18 levels left

rFire   + . .      SeeInvis +   c - +14 obsidian axe {vorpal, Mesm Drain Fly SInv}
rCold   + . .      Faith    .   u - +1 kite shield {AC+3}
rNeg    + . .      Spirit   .   t - +1 crystal plate armour of the Mind {Str+4}
rPois   inf        Reflect  +   C - +2 helmet {Int+3}
rElec   +          Harm     .   m - scarf {rC+ rF+}
rCorr   .          Rampage  .   E - +3 pair of gloves "Xeoh" {SInv}
Will    +....                   f - +2 pair of boots {Fly}
Stlth   ..........              x - amulet of reflection
HPRegen 0.31/turn               g - +4 ring of protection
MPRegen 0.20/turn               h - +6 ring of strength

@: about to teleport, heroic, marked, flying, mesmerised
A: sickness immunity, AC +14, big wings, negative energy resistance 1,
electricity resistance, torment resistance 1, petrification resistance
}: 1/15 runes: decaying
a: Renounce Religion, Heroism, Finesse, Duel


You were on level 3 of the Vaults.
You worshipped Okawaru.
Okawaru was extremely pleased with you.
You visited 7 branches of the dungeon, and saw 33 of its levels.
You also visited: Sewer.

You collected 4219 gold pieces.
You spent 1721 gold pieces at shops.


Innate Abilities, Weirdness & Mutations

You are immune to sickness and miasma.
Your stone body is resilient. (AC +14)
You are immune to poison.
Your large and strong wings let you fly.
You resist negative energy. (rN+)
You are resistant to electric shocks. (rElec)
You are resistant to unholy torment.
You are immune to petrification.


   Skills:
 - Level 17.0(22.0) Fighting
 - Level 18.0(23.0) Axes
 - Level 9.7(14.7) Throwing
 + Level 17.4(22.4) Armour
 - Level 4.0(9.0) Dodging
 - Level 16.0(21.0) Shields
 - Level 10.0 Invocations


You had 18 spell levels left.
You didn't know any spells.
Your spell library was empty.

Inventory:

Hand Weapons
 c - the +14 obsidian axe (weapon) {vorpal, Mesm Drain Fly SInv}
   (You found it on level 1 of the Vaults)

   It inflicts extra damage upon your enemies.
   It occasionally summons demons to assist the wielder when it strikes in
   combat.
   Its wielder is mesmerised by any visible foes.
   It cannot be unequipped while any foes are visible.
   SInv:      It lets you see invisible.
   Fly:       It grants you flight.
   Drain:     It drains your maximum health when unequipped.
Missiles
 p - 25 boomerangs (quivered)
Armour
 f - a +2 pair of boots of flying (worn)
 m - a scarf of resistance (worn)
 s - +0 acid dragon scales
 t - the +1 crystal plate armour of the Mind (worn) {Str+4}
   (Okawaru gifted it to you on level 2 of the Vaults)

   Str:       It affects your strength (+4).
 u - a +1 kite shield of protection (worn)
 w - a +2 cloak
 B - the +4 plate armour of Bynleaph {Harm rC+ Int-4}
   (You bought it in a shop on level 3 of the Snake Pit)

   Int:       It affects your intelligence (-4).
   rC:        It protects you from cold.
   Harm:      It increases damage dealt and taken.
 C - a +2 helmet of intelligence (worn)
 E - the +3 pair of gloves "Xeoh" (worn) {SInv}
   (Okawaru gifted it to you on level 2 of the Orcish Mines)

   SInv:      It lets you see invisible.
Jewellery
 g - a +4 ring of protection (left hand)
 h - a +6 ring of strength (right hand)
 n - the amulet of Elemental Vulnerability {rPois rF-- rC-- AC+8}
   (You found it on level 3 of the Dungeon)

   [amulet of nothing]

   AC:        It affects your AC (+8).
   rF:        It makes you very vulnerable to fire.
   rC:        It makes you very vulnerable to cold.
   rPois:     It protects you from poison.
 v - a ring of fire
 x - an amulet of reflection (around neck)
 F - a ring of resist corrosion
Wands
 j - a wand of digging (3)
Scrolls
 a - 9 scrolls of teleportation
 l - 27 scrolls of identify
 q - 5 scrolls of blinking
Potions
 b - 4 potions of resistance
 d - 5 potions of might
 e - 6 potions of lignification
 i - 10 potions of curing
 o - 4 potions of haste
 r - 2 potions of magic
 z - 3 potions of mutation
 D - 3 potions of attraction

Dungeon Overview and Level Annotations

Branches:
Dungeon (15/15)            Temple (1/1) D:4            Lair (5/5) D:8
  Swamp (4/4) Lair:2        Snake (3/4) Lair:2        Slime (0/5) Lair:4
    Orc (2/2) D:10            Elf (0/3) Orc:2        Vaults (3/5) D:14
 Depths (0/4) D:15          Sewer (visited)
  Crypt: Vaults:2-3

Altars:
Ashenzari
Cheibriados
Dithmenos
Elyvilon
Fedhas
Gozag
Hepliaklqana
Kikubaaqudgha
Makhleb
Nemelex Xobeh
Okawaru
Qazlal
Ru
Sif Muna
Trog
Uskayaw
Vehumet
Wu Jian
Xom
Yredelemnul
Zin
The Shining One
Jiyva

Shops:
D:5 :   D:11 =[   Orc:2 (?((   Snake:3 [(

Annotations:
D:15 1 runed translucent door
Orc:1 4 transporters
Orc:2 1 runed translucent door, qw's ghost, journeyman GrBe


Message History

You kill the white ugly thing!
Okawaru accepts your kill.
You slash the purple ugly thing! You slash the ironbound frostheart!
You kill the ironbound frostheart!
Okawaru accepts your kill.
The purple ugly thing basks in the mutagenic energy from its kin and changes!
Electricity crackles from the ironbound thunderhulk's apparatus.
The bolt of lightning hits you! You resist.
You cut the green ugly thing into ribbons!!!
The green ugly thing is almost dead.
You slice the green ugly thing!!
You block the green ugly thing's attack.
Strange energies crackle from the ironbound thunderhulk's apparatus.
The ironbound thunderhulk blinks!
A necromancer comes into view. It is wielding a +0 mace.
The vault sentinel points at you and mumbles some strange words.
You barely resist. You closely miss the green ugly thing.
The green ugly thing is almost dead.
You dice the ironbound thunderhulk like an onion!!!
You hit the green ugly thing but do no damage.
Visions of slaying the ironbound thunderhulk flood into your mind.
The ice encasing you melts away.
You block the green ugly thing's attack.
You block the ironbound thunderhulk's attack.
Strange energies crackle from the ironbound thunderhulk's apparatus.
The ironbound thunderhulk blinks!
The vault sentinel blows a loud note on a signal horn!
You open the green ugly thing like a pillowcase!!!
You kill the green ugly thing!
Okawaru accepts your kill.
You slash the ironbound thunderhulk! You closely miss the green ugly thing.
You block the green ugly thing's attack.
You hit the ironbound thunderhulk.
The ironbound thunderhulk is heavily wounded.
You slice the green ugly thing!!
Visions of slaying the green ugly thing flood into your mind.
Electricity crackles from the ironbound thunderhulk's apparatus.
The bolt of lightning hits you!! You resist.
You die...

#..........(
#...........
'####........O.(
................
................
.....p....)p....
......[u).p..p.
#.))@# #..O[#
#....# #....#
#....# #....#
#...)# #....#
#....#


You could see 2 ironbound thunderhulks, a green ugly thing (mesmerising), a
vault sentinel (catching breath), a necromancer and 2 wizards.

Vanquished Creatures
  A bone dragon (Swamp:4)
  Mlioglotl (Swamp:2)
  Rupert (D:14)
  A sphinx (Vaults:2)
  2 thorn hunters
  Kirke (Snake:2)
  A nagaraja (Snake:3)
  2 fenstrider witches
  5 vault wardens
  6 ironbound preservers
  An orc warlord (Orc:2)
  4 ghouls (Swamp:3)
  2 stone giants
  7 very ugly things
  A war gargoyle (Vaults:3)
  3 eleionomae
  2 ironbound thunderhulks
  Azrael (Orc:2)
  4 bunyips
  A bunyip (shapeshifter) (D:15)
  10 dire elephants
  An entropy weaver (Vaults:2)
  5 yaktaur captains
  2 great orbs of eyes
  Fannar (D:12)
  9 hydras
  2 catoblepae
  2 ghost crabs
  4 boulder beetles
  A salamander tyrant (Snake:2)
  2 two-headed ogres
  14 centaur warriors
  12 anacondas
  6 naga warriors
  5 ironbound frosthearts
  A death knight (D:14)
  9 alligators
  12 death yaks (Lair:4)
  5 shock serpents
  Urug (Lair:3)
  4 tengu warriors
  An orc high priest (Orc:1)
  6 naga sharpshooters
  Sonja (Lair:3)
  Amaemon (D:9)
  A salamander mystic (Snake:3)
  6 skeletal warriors
  Lodul (D:14)
  2 death drakes
  25 deep trolls
  6 goliath frogs
  A glowing orange brain (D:15)
  7 lindwurms
  3 wizards
  2 spectral hydras (Swamp:4)
  2 spriggan druids
  2 spriggan simulacra (Snake:3)
  6 bog bodies
  13 swamp dragons
  4 naga ritualists
  4 ironbound convokers
  6 mana vipers
  3 phantasmal warriors
  5 orc knights
  A lindwurm (shapeshifter) (D:15)
  4 harpies (Vaults:2)
  3 orc sorcerers
  2 deep elf pyromancers (D:15)
  An oklob plant (Lair:2)
  20 ugly things
  A necromancer (Vaults:1)
  4 will-o-the-wisps
  11 cyclopes
  A manticore (D:12)
  A moth of wrath (shapeshifter) (Vaults:2)
  12 elephants
  6 salamanders
  A stone giant skeleton (Vaults:1)
  20 black mambas
  10 vault sentinels
  10 naga magi
  2 gargoyles (D:12)
  An orange demon (D:9)
  3 guardian serpents
  Maurice (D:8)
  Psyche (D:9)
  A rime drake (Lair:5)
  A freezing wraith (D:12)
  2 tengu conjurers
  2 swamp worm zombies (Swamp:4)
  10 cane toads
  13 yaktaurs
  A hellwing (D:13)
  12 komodo dragons
  3 hydra zombies (Swamp:4)
  7 trolls
  A bloated husk (Swamp:4)
  11 hornets
  12 tyrant leeches
  A merfolk (shapeshifter) (D:14)
  3 polar bears
  6 meliai
  A tarantella (shapeshifter) (D:15)
  15 blink frogs
  3 spectral swamp dragons (Swamp:4)
  23 slime creatures
  5 dream sheep (Lair:5)
  4 alligator zombies (Swamp:4)
  2 jumping spiders (Vaults:2)
  10 spriggans
  4 wyverns
  5 hogs (Snake:2)
  A water elemental (D:14)
  2 dire elephant simulacra (Snake:3)
  30 yaks
  4 wraiths
  4 fire elementals (Orc:2)
  A human (Snake:2)
  2 basilisks
  3 steam dragons
  Grum (D:9)
  4 vampire mosquitoes
  A minotaur simulacrum (Snake:3)
  A redback (Vaults:2)
  A harpy simulacrum (Snake:3)
  27 nagas
  2 wargs
  Edmund (D:6)
  17 swamp worms
  A hell hound (Orc:2)
  Pargi (Sewer)
  2 acid dragons
  An ogre skeleton (Vaults:1)
  10 water moccasins
  A black bear (D:2)
  3 swamp drakes (Swamp:1)
  An ice beast (D:6)
  45 orc warriors
  13 ogres
  A sky beast (D:6)
  4 swamp dragon zombies (Swamp:4)
  An alligator simulacrum (Snake:3)
  3 boggarts (Vaults:1)
  7 wolves
  33 centaurs
  4 phantoms (Swamp:4)
  An orc skeleton (Vaults:1)
  A kobold brigand (D:9)
  14 bullfrogs
  7 necrophages
  A gnoll sergeant (Orc:2)
  4 scorpions (D:6)
  A deep troll simulacrum (Snake:3)
  5 wights (D:8)
  4 killer bees (D:8)
  7 howler monkeys
  5 electric eels
  3 hounds
  4 jellies
  A gnoll bouda (D:6)
  12 orc priests
  6 iguanas
  23 orc wizards
  2 spectral swamp drakes (Swamp:4)
  6 hell rats (Lair:3)
  8 gnolls
  6 adders
  A shadow imp (D:6)
  A white imp (D:13)
  An ufetubus (D:13)
  3 dart slugs
  56 orcs
  4 bats
  3 endoplasms
  8 giant cockroaches
  10 goblins
  7 hobgoblins
  2 jackals (D:1)
  9 kobolds
  3 quokkas
  10 ball pythons
  14 frilled lizards
  4 rats
  6 briar patches (Swamp:1)
1033 creatures vanquished.

Vanquished Creatures (others)
  A naga sharpshooter (Snake:3)
  2 swamp dragons (Swamp:4)
  A komodo dragon (Lair:4)
  5 bloated husks
  A hornet (Swamp:1)
  A swamp worm (Swamp:4)
  A naga (Lair:2)
  An orc warrior (Orc:2)
  A swamp drake (Swamp:1)
  A spectral swamp drake (Swamp:4)
  8 briar patches (Swamp:1)
  17 foxfires
  24 fungi
  11 plants
75 creatures vanquished.

Grand Total: 1108 creatures vanquished

Notes
Turn   | Place    | Note
-------+----------+-------------------------------------------
     0 | D:1      | qw the Gargoyle Fighter began the quest for the Orb.
     0 | D:1      | Reached XP level 1. HP: 14/14 MP: 1/1
     0 | D:1      | 0 ||| qw: Version: 0.1-a-119-g272c26d
     0 | D:1      | 0 ||| qw: Game counter: 10816
     0 | D:1      | 0 ||| qw: Always use a shield: true
     0 | D:1      | 0 ||| qw: God list: Okawaru
     0 | D:1      | 0 ||| qw: Allow faded altars: false
     0 | D:1      | 0 ||| qw: Do Orc after D:15 true
     0 | D:1      | 0 ||| qw: Do second Lair branch before Depths: true
     0 | D:1      | 0 ||| qw: Lair rune preference: random
     0 | D:1      | 0 ||| qw: Plans: Normal, Zot, God:TSO, Crypt, Tomb, Pan,
                  | Slime, Hells, Zig, Abyss, Orb
     0 | D:1      | 0 ||| PLANNING D:1-11
    38 | D:1      | 38 ||| Stepping ~*~*~tactically~*~*~ (stealth).
    48 | D:1      | Reached skill level 2 in Axes
   100 | D:1      | 100 ||| Stepping ~*~*~tactically~*~*~ (stealth).
   111 | D:1      | Reached XP level 2. HP: 6/19 MP: 2/2
   125 | D:1      | Reached skill level 3 in Axes
   384 | D:1      | 384 ||| Stepping ~*~*~tactically~*~*~ (stealth).
   444 | D:1      | Reached XP level 3. HP: 23/23 MP: 3/3
   694 | D:1      | Found a faded altar of an unknown god.
   728 | D:1      | 728 ||| Stepping ~*~*~tactically~*~*~ (hiding).
  1058 | D:1      | 1058 ||| UPGRADING to +0 chain mail of cold resistance.
  1068 | D:1      | 1068 ||| DROPPING +0 scale mail.
  1069 | D:1      | 1069 ||| READING scroll labelled BAGUIRHA WERE.
  1070 | D:1      | 1070 ||| READING scroll labelled BONOULEFUZE.
  1071 | D:1      | 1071 ||| READING scroll labelled GEEMED QI SAU.
  1072 | D:1      | 1072 ||| DRINKING 2 blue potions.
  1106 | D:1      | 1106 ||| DRINKING 2 murky amethyst potions.
  1142 | D:2      | 1142 ||| STAIRDANCE
  1247 | D:2      | Noticed a black bear
  1260 | D:2      | Killed a black bear
  1261 | D:2      | Reached skill level 4 in Axes
  1261 | D:2      | Reached XP level 4. HP: 15/28 MP: 4/4
  1261 | D:2      | Reached XP level 5. HP: 17/32 MP: 5/5
  1486 | D:2      | Found a burning altar of Makhleb.
  1740 | D:2      | 1740 ||| UPGRADING to scarf of resistance.
  1745 | D:2      | 1745 ||| READING scroll labelled PYDDOIWEAG.
  1745 | D:2      | Identified a scroll of acquirement
  1745 | D:2      | 1745 ||| ACQUIRING +0 pair of boots of flying
  1745 | D:2      | Acquired a +0 pair of boots of flying
  1747 | D:2      | 1747 ||| UPGRADING to +0 pair of boots of flying.
  1752 | D:2      | 1752 ||| READING scroll labelled MEVIVU LEQADDE.
  1753 | D:2      | 1753 ||| READING scroll labelled HEFOQAVIUC.
  1754 | D:2      | 1754 ||| DRINKING 2 fizzy red potions.
  1883 | D:3      | Found the amulet of Elemental Vulnerability {rPois rF--
                  | rC-- AC+8}
  1989 | D:3      | 1989 ||| Stepping ~*~*~tactically~*~*~ (hiding).
  1996 | D:3      | Reached skill level 5 in Axes
  2112 | D:3      | 2112 ||| DROPPING +0 whip.
  2316 | D:3      | Reached skill level 1 in Throwing
  2571 | D:3      | 2571 ||| READING scroll labelled TOSI YFURIE.
  2572 | D:3      | 2572 ||| READING 2 scrolls labelled QUFUODD PIECIU.
  2573 | D:3      | 2573 ||| READING scroll labelled INEUSE OVIFAU.
  2574 | D:3      | 2574 ||| READING scroll labelled VAPOLIT XOP.
  2575 | D:3      | 2575 ||| DRINKING 2 amethyst potions.
  2576 | D:3      | 2576 ||| READING 2 scrolls of identify.
  2576 | D:3      | 2576 ||| IDENTIFYING puce potion
  2577 | D:3      | 2577 ||| DROPPING potion of degeneration.
  2578 | D:3      | 2578 ||| DROPPING scroll of magic mapping.
  2614 | D:4      | Found a staircase to the Ecumenical Temple.
  2615 | D:4      | 2615 ||| PLANNING TEMPLE
  2624 | Temple   | Entered the Ecumenical Temple
  2714 | Temple   | 2714 ||| PLANNING D:1-11
  2824 | D:4      | 2824 ||| Stepping ~*~*~tactically~*~*~ (stealth).
  2863 | D:4      | Reached XP level 6. HP: 36/39 MP: 6/6
  3135 | D:4      | 3135 ||| Stepping ~*~*~tactically~*~*~ (stealth).
  3303 | D:4      | 3303 ||| READING 3 scrolls labelled YTWEN QUEDIT.
  3306 | D:4      | 3306 ||| READING 2 scrolls of identify.
  3306 | D:4      | 3306 ||| IDENTIFYING grey potion
  3307 | D:4      | 3307 ||| DROPPING potion of invisibility.
  3323 | D:5      | Entered Level 5 of the Dungeon
  3407 | D:5      | 3407 ||| READING scroll of enchant armour.
  3407 | D:5      | 3407 ||| ENCHANTING +0 pair of boots of flying.
  3410 | D:5      | Found Danad's Vocational Training.
  3550 | D:5      | Reached skill level 6 in Axes
  3550 | D:5      | Reached XP level 7. HP: 25/44 MP: 7/7
  3864 | D:5      | Reached skill level 1 in Dodging
  3954 | D:5      | Identified the +9 rapier "Tibuav" {antimagic, rElec Str+2
                  | Dex-5}
  3967 | D:5      | Found a stormy altar of Qazlal.
  4117 | D:5      | 4117 ||| UPGRADING to +4 ring of protection.
  4118 | D:5      | 4118 ||| READING 4 scrolls of identify.
  4118 | D:5      | 4118 ||| IDENTIFYING orange potion
  4119 | D:5      | 4119 ||| READING 3 scrolls of identify.
  4119 | D:5      | 4119 ||| IDENTIFYING white potion
  4120 | D:5      | 4120 ||| DROPPING potion of brilliance.
  4131 | D:6      | 4131 ||| PLANNING SEWER
  4167 | D:6      | Found a glowing drain.
  4171 | Sewer    | Entered a sewer
  4223 | Sewer    | Noticed Pargi
  4225 | Sewer    | 4225 ||| Stepping ~*~*~tactically~*~*~ (stealth).
  4239 | Sewer    | Killed Pargi
  4472 | Sewer    | 4472 ||| READING scroll of enchant armour.
  4472 | Sewer    | 4472 ||| ENCHANTING +1 pair of boots of flying.
  4478 | D:6      | 4478 ||| PLANNING D:1-11
  4532 | D:6      | Reached skill level 7 in Axes
  4554 | D:6      | 4554 ||| Stepping ~*~*~tactically~*~*~ (stealth).
  4557 | D:6      | 4557 ||| Stepping ~*~*~tactically~*~*~ (stealth).
  4559 | D:6      | 4559 ||| Stepping ~*~*~tactically~*~*~ (stealth).
  4567 | D:6      | Reached XP level 8. HP: 47/48 MP: 8/8
  4588 | D:6      | 4588 ||| Stepping ~*~*~tactically~*~*~ (stealth).
  4727 | D:6      | 4727 ||| Stepping ~*~*~tactically~*~*~ (hiding).
  4859 | D:6      | Noticed Edmund
  4884 | D:6      | Killed Edmund
  4885 | D:6      | Reached skill level 8 in Axes
  4971 | D:6      | 4971 ||| DROPPING +0 flail.
  5095 | D:6      | 5095 ||| Stepping ~*~*~tactically~*~*~ (hiding).
  5116 | D:6      | Reached skill level 6 in Fighting
  5131 | D:6      | Found a shadowy altar of Dithmenos.
  5425 | D:6      | Reached XP level 9. HP: 56/56 MP: 9/9
  5632 | D:6      | 5632 ||| Stepping ~*~*~tactically~*~*~ (hiding).
  5901 | D:7      | 5901 ||| Stepping ~*~*~tactically~*~*~ (stealth).
  5903 | D:7      | 5903 ||| Stepping ~*~*~tactically~*~*~ (stealth).
  5905 | D:7      | 5905 ||| STAIRDANCE
  5981 | D:7      | Reached skill level 9 in Axes
  5981 | D:7      | 5981 ||| STAIRDANCE
  6071 | D:7      | 6071 ||| STAIRDANCE
  6243 | D:7      | Found a glowing golden altar of the Shining One.
  6262 | D:7      | 6262 ||| SWAPPING to +0 war axe of freezing.
  6263 | D:7      | 6263 ||| DROPPING +1 war axe.
  6285 | D:7      | Found a broken altar of Ashenzari.
  6440 | D:7      | 6440 ||| Stepping ~*~*~tactically~*~*~ (stealth).
  6441 | D:7      | 6441 ||| Stepping ~*~*~tactically~*~*~ (stealth).
  6442 | D:7      | 6442 ||| Stepping ~*~*~tactically~*~*~ (stealth).
  6453 | D:7      | Reached skill level 10 in Axes
  6709 | D:7      | Reached XP level 10. HP: 64/64 MP: 10/10
  6813 | D:7      | 6813 ||| READING scroll labelled VEOTRUEHUH.
  7000 | D:8      | Identified the +7 flail of Greed {pain, Fragile rN+ Str+3}
  7016 | D:8      | 7016 ||| Stepping ~*~*~tactically~*~*~ (stealth).
  7019 | D:8      | 7019 ||| Stepping ~*~*~tactically~*~*~ (hiding).
  7026 | D:8      | Reached skill level 3 in Throwing
  7103 | D:8      | 7103 ||| Stepping ~*~*~tactically~*~*~ (stealth).
  7172 | D:8      | 7172 ||| FLEEEEING.
  7358 | D:8      | 7358 ||| Stepping ~*~*~tactically~*~*~ (hiding).
  7372 | D:8      | 7372 ||| DRINKING 4 potions of curing.
  7372 | D:8      | 7372 ||| (to cure confusion)
  7601 | D:8      | 7601 ||| Stepping ~*~*~tactically~*~*~ (hiding).
  7890 | D:8      | Noticed Maurice
  7898 | D:8      | Killed Maurice
  8072 | D:8      | Found a staircase to the Lair.
  8117 | D:8      | 8117 ||| READING 2 scrolls of identify.
  8117 | D:8      | 8117 ||| IDENTIFYING lumpy silvery potion
  8118 | D:8      | 8118 ||| DROPPING potion of ambrosia.
  8121 | D:8      | 8121 ||| Stepping ~*~*~tactically~*~*~ (stealth).
  8340 | D:9      | Reached skill level 11 in Axes
  8366 | D:9      | 8366 ||| DROPPING +7 flail of Greed {pain, Fragile rN+
                  | Str+3}.
  8367 | D:9      | 8367 ||| DROPPING +1 flail of holy wrath.
  8374 | D:9      | 8374 ||| SWAPPING to +2 vampiric hand axe.
  8409 | D:9      | 8409 ||| Stepping ~*~*~tactically~*~*~ (stealth).
  8410 | D:9      | 8410 ||| Stepping ~*~*~tactically~*~*~ (stealth).
  8412 | D:9      | 8412 ||| Stepping ~*~*~tactically~*~*~ (stealth).
  8427 | D:9      | 8427 ||| Stepping ~*~*~tactically~*~*~ (stealth).
  8429 | D:9      | 8429 ||| Stepping ~*~*~tactically~*~*~ (hiding).
  8468 | D:9      | 8468 ||| Stepping ~*~*~tactically~*~*~ (stealth).
  8473 | D:9      | 8473 ||| Stepping ~*~*~tactically~*~*~ (stealth).
  8501 | D:9      | Reached skill level 9 in Fighting
  8518 | D:9      | Noticed Amaemon
  8518 | D:9      | Noticed an orange demon
  8525 | D:9      | Reached skill level 6 in Armour
  8549 | D:9      | HP: 10/66 [Amaemon/+1 demon whip of venom (14)]
  8550 | D:9      | 8550 ||| READING 4 scrolls of teleportation.
  8551 | D:9      | 8551 ||| DRINKING 4 potions of heal wounds.
  8573 | D:9      | 8573 ||| DRINKING 5 potions of curing.
  8573 | D:9      | 8573 ||| (to cure confusion)
  8577 | D:9      | 8577 ||| DRINKING 4 potions of curing.
  8577 | D:9      | 8577 ||| (to cure confusion)
  8696 | D:9      | Reached XP level 11. HP: 69/71 MP: 11/11
  8696 | D:9      | 8696 ||| Stepping ~*~*~tactically~*~*~ (hiding).
  8697 | D:9      | 8697 ||| Stepping ~*~*~tactically~*~*~ (hiding).
  8697 | D:9      | Found a blossoming altar of Fedhas.
  8953 | D:9      | Noticed Psyche
  8955 | D:9      | 8955 ||| Stepping ~*~*~tactically~*~*~ (stealth).
  8967 | D:9      | Noticed Grum
  9001 | D:9      | 9001 ||| DRINKING 4 potions of curing.
  9001 | D:9      | 9001 ||| (to cure confusion)
  9005 | D:9      | Killed Psyche
  9006 | D:9      | Reached skill level 12 in Axes
  9016 | D:9      | Killed Grum
  9224 | D:9      | 9224 ||| Stepping ~*~*~tactically~*~*~ (hiding).
  9227 | D:9      | 9227 ||| Stepping ~*~*~tactically~*~*~ (hiding).
  9228 | D:9      | 9228 ||| Stepping ~*~*~tactically~*~*~ (hiding).
  9270 | D:9      | Killed Amaemon
  9271 | D:9      | Reached skill level 6 in Shields
  9283 | D:9      | HP: 10/71 [orange demon[Amaemon] (9)]
  9284 | D:9      | 9284 ||| READING 3 scrolls of teleportation.
  9285 | D:9      | 9285 ||| DRINKING 3 potions of heal wounds.
  9496 | D:9      | 9496 ||| DROPPING +0 morningstar.
  9563 | D:9      | 9563 ||| UPGRADING to +0 plate armour.
  9573 | D:9      | 9573 ||| READING scroll of enchant armour.
  9573 | D:9      | 9573 ||| ENCHANTING +0 plate armour.
  9574 | D:9      | 9574 ||| READING 3 scrolls of identify.
  9574 | D:9      | 9574 ||| IDENTIFYING lumpy clear potion
  9588 | D:10     | Entered Level 10 of the Dungeon
  9612 | D:10     | 9612 ||| Stepping ~*~*~tactically~*~*~ (hiding).
  9613 | D:10     | 9613 ||| Stepping ~*~*~tactically~*~*~ (hiding).
  9623 | D:10     | 9623 ||| Stepping ~*~*~tactically~*~*~ (hiding).
  9624 | D:10     | 9624 ||| Stepping ~*~*~tactically~*~*~ (hiding).
  9637 | D:10     | 9637 ||| Stepping ~*~*~tactically~*~*~ (stealth).
  9638 | D:10     | 9638 ||| Stepping ~*~*~tactically~*~*~ (stealth).
  9649 | D:10     | 9649 ||| DRINKING 3 potions of curing.
  9649 | D:10     | 9649 ||| (to cure confusion)
  9664 | D:10     | 9664 ||| SWAPPING to +0 broad axe.
  9665 | D:10     | 9665 ||| DROPPING +2 vampiric hand axe.
  9666 | D:10     | 9666 ||| DROPPING +0 war axe of freezing.
  9689 | D:10     | HP: 17/71 [orc warrior/+0 dire flail (7)]
  9690 | D:10     | 9690 ||| READING 2 scrolls of teleportation.
  9691 | D:10     | 9691 ||| DRINKING 2 potions of heal wounds.
 10030 | D:10     | 10030 ||| READING scroll of acquirement.
 10030 | D:10     | 10030 ||| ACQUIRING +3 warlock's mirror {reflect}
 10030 | D:10     | Acquired the +3 warlock's mirror {reflect}
 10030 | D:10     | Found the +3 warlock's mirror {reflect}
 10032 | D:10     | 10032 ||| UPGRADING to +0 helmet.
 10037 | D:10     | 10037 ||| UPGRADING to +3 warlock's mirror {reflect}.
 10047 | D:10     | 10047 ||| DROPPING +0 buckler.
 10189 | D:10     | Found a staircase to the Orcish Mines.
 10236 | D:10     | 10236 ||| Stepping ~*~*~tactically~*~*~ (stealth).
 10250 | D:10     | 10250 ||| FLEEEEING.
 10252 | D:10     | 10252 ||| FLEEEEING.
 10253 | D:10     | 10253 ||| FLEEEEING.
 10255 | D:10     | 10255 ||| DRINKING 2 potions of curing.
 10255 | D:10     | 10255 ||| (to cure confusion)
 10256 | D:10     | 10256 ||| FLEEEEING.
 10257 | D:10     | 10257 ||| FLEEEEING.
 10258 | D:10     | 10258 ||| FLEEEEING.
 10261 | D:10     | 10261 ||| FLEEEEING.
 10262 | D:10     | 10262 ||| FLEEEEING.
 10263 | D:10     | 10263 ||| FLEEEEING.
 10265 | D:10     | 10265 ||| FLEEEEING.
 10266 | D:10     | 10266 ||| FLEEEEING.
 10267 | D:10     | 10267 ||| FLEEEEING.
 10448 | D:10     | Found a sacrificial altar of Ru.
 10544 | D:10     | Found a glowing silver altar of Zin.
 10544 | D:10     | Found an iron altar of Okawaru.
 10544 | D:10     | Found a bloodstained altar of Trog.
 10544 | D:10     | Found a sparkling altar of Nemelex Xobeh.
 10559 | D:10     | Found a white marble altar of Elyvilon.
 10564 | D:10     | Found a shimmering blue altar of Sif Muna.
 10733 | D:10     | 10733 ||| UPGRADING to amulet of regeneration.
 10738 | D:10     | 10738 ||| DROPPING amulet of guardian spirit.
 10739 | D:10     | 10739 ||| READING scroll labelled EVUIFF PIAKUT.
 10840 | D:10     | 10840 ||| READING 2 scrolls of identify.
 10840 | D:10     | 10840 ||| IDENTIFYING murky red potion
 10841 | D:10     | 10841 ||| DROPPING potion of flight.
 10970 | D:10     | Became a worshipper of Warmaster Okawaru
 11035 | D:11     | Found Giwen's Antique Armour Emporium.
 11038 | D:11     | 11038 ||| BUYING glowing chain mail (232 gold).
 11038 | D:11     | Bought a glowing chain mail for 232 gold pieces
 11038 | D:11     | 11038 ||| BUYING glowing scarf (248 gold).
 11038 | D:11     | Bought a glowing scarf for 248 gold pieces
 11091 | D:11     | Identified the +8 mace of Simmutta {holy, rN+}
 11155 | D:11     | 11155 ||| Stepping ~*~*~tactically~*~*~ (stealth).
 11279 | D:11     | 11279 ||| Stepping ~*~*~tactically~*~*~ (hiding).
 11296 | D:11     | 11296 ||| Stepping ~*~*~tactically~*~*~ (stealth).
 11297 | D:11     | 11297 ||| Stepping ~*~*~tactically~*~*~ (hiding).
 11453 | D:11     | Reached * piety under Okawaru
 11477 | D:11     | Noticed a cyclops
 11478 | D:11     | 11478 ||| INVOKING Heroism.
 11489 | D:11     | Killed a cyclops
 11511 | D:11     | 11511 ||| INVOKING Heroism.
 11517 | D:11     | Reached skill level 9 in Armour
 11517 | D:11     | Reached skill level 1 in Invocations
 11602 | D:11     | 11602 ||| INVOKING Heroism.
 11622 | D:11     | Found Cirebrev's Jewellery Emporium.
 11627 | D:11     | 11627 ||| SHOPLISTING +6 ring of dexterity (432 gold, have
                  | 295).
 11627 | D:11     | 11627 ||| SHOPLISTING ring of protection from fire (300
                  | gold, have 295).
 11627 | D:11     | 11627 ||| BUYING ring of resist corrosion (240 gold).
 11627 | D:11     | Bought a ring of resist corrosion for 240 gold pieces
 11627 | D:11     | 11627 ||| SHOPLISTING ring of see invisible (180 gold, have
                  | 55).
 11680 | D:11     | 11680 ||| INVOKING Heroism.
 11681 | D:11     | 11681 ||| INVOKING Heroism.
 11712 | D:11     | Noticed a sea snake
 11927 | D:11     | 11927 ||| PLANNING LAIR
 11927 | D:11     | 11927 ||| UPGRADING to +4 chain mail of willpower.
 11937 | D:11     | 11937 ||| DROPPING scarf of shadows.
 11938 | D:11     | 11938 ||| UPGRADING to ring of resist corrosion.
 11939 | D:11     | 11939 ||| READING 2 scrolls of identify.
 11939 | D:11     | 11939 ||| IDENTIFYING black potion
 12031 | Lair:1   | Entered Level 1 of the Lair of Beasts
 12032 | Lair:1   | 12032 ||| INVOKING Heroism.
 12052 | Lair:1   | Reached skill level 3 in Invocations
 12092 | Lair:1   | Reached ** piety under Okawaru
 12093 | Lair:1   | Reached XP level 12. HP: 72/77 MP: 13/15
 12161 | Lair:1   | 12161 ||| INVOKING Heroism.
 12210 | Lair:1   | 12210 ||| INVOKING Heroism.
 12378 | Lair:1   | 12378 ||| INVOKING Heroism.
 12401 | Lair:1   | Reached *** piety under Okawaru
 12414 | Lair:1   | Reached skill level 13 in Axes
 12471 | Lair:1   | 12471 ||| Stepping ~*~*~tactically~*~*~ (stealth).
 12472 | Lair:1   | 12472 ||| Stepping ~*~*~tactically~*~*~ (stealth).
 12561 | Lair:1   | 12561 ||| INVOKING Heroism.
 12638 | Lair:1   | Identified the +1 leather armour of Insatiable Hunger {rN+
                  | Dex+3 Stlth+}
 12762 | Lair:1   | 12762 ||| READING scroll labelled KEOXEN GANAPU.
 12763 | Lair:1   | 12763 ||| READING 2 scrolls of identify.
 12763 | Lair:1   | 12763 ||| IDENTIFYING fizzy grey potion
 12783 | Lair:2   | 12783 ||| INVOKING Heroism.
 12809 | Lair:2   | 12809 ||| Stepping ~*~*~tactically~*~*~ (hiding).
 12811 | Lair:2   | 12811 ||| Stepping ~*~*~tactically~*~*~ (hiding).
 12815 | Lair:2   | 12815 ||| INVOKING Heroism.
 12870 | Lair:2   | 12870 ||| INVOKING Heroism.
 12898 | Lair:2   | 12898 ||| INVOKING Heroism.
 12951 | Lair:2   | Found a staircase to the Snake Pit.
 13073 | Lair:2   | Noticed a six-headed hydra
 13075 | Lair:2   | 13075 ||| Stepping ~*~*~tactically~*~*~ (stealth).
 13076 | Lair:2   | 13076 ||| INVOKING Heroism.
 13077 | Lair:2   | 13077 ||| SWAPPING to +1 demon whip of venom.
 13077 | Lair:2   | Noticed a four-headed hydra
 13078 | Lair:2   | 13078 ||| Stepping ~*~*~tactically~*~*~ (stealth).
 13084 | Lair:2   | 13084 ||| Stepping ~*~*~tactically~*~*~ (outnumbered).
 13094 | Lair:2   | HP: 16/77 [four-headed hydra (11)]
 13095 | Lair:2   | 13095 ||| READING 3 scrolls of teleportation.
 13095 | Lair:2   | HP: 2/77 [four-headed hydra (6)]
 13096 | Lair:2   | 13096 ||| DRINKING 2 potions of heal wounds.
 13098 | Lair:2   | Killed a six-headed hydra
 13098 | Lair:2   | Reached **** piety under Okawaru
 13099 | Lair:2   | 13099 ||| SWAPPING to +0 broad axe.
 13327 | Lair:2   | 13327 ||| INVOKING Heroism.
 13330 | Lair:2   | 13330 ||| SWAPPING to +1 demon whip of venom.
 13337 | Lair:2   | Killed a four-headed hydra
 13338 | Lair:2   | Reached skill level 14 in Axes
 13338 | Lair:2   | 13338 ||| SWAPPING to +0 broad axe.
 13373 | Lair:2   | 13373 ||| Stepping ~*~*~tactically~*~*~ (stealth).
 13385 | Lair:2   | 13385 ||| INVOKING Heroism.
 13440 | Lair:2   | Noticed a catoblepas
 13441 | Lair:2   | 13441 ||| Stepping ~*~*~tactically~*~*~ (stealth).
 13445 | Lair:2   | 13445 ||| INVOKING Heroism.
 13466 | Lair:2   | Killed a catoblepas
 13614 | Lair:2   | 13614 ||| INVOKING Heroism.
 13622 | Lair:2   | Reached XP level 13. HP: 58/83 MP: 14/17
 13661 | Lair:2   | Found a staircase to the Swamp.
 13679 | Lair:2   | 13679 ||| Stepping ~*~*~tactically~*~*~ (hiding).
 13681 | Lair:2   | 13681 ||| Stepping ~*~*~tactically~*~*~ (hiding).
 13685 | Lair:2   | 13685 ||| INVOKING Heroism.
 13844 | Lair:3   | 13844 ||| INVOKING Heroism.
 13867 | Lair:3   | Reached skill level 6 in Invocations
 13869 | Lair:3   | Received a gift from Okawaru
 13890 | Lair:3   | Noticed Sonja
 13928 | Lair:3   | Killed Sonja
 14000 | Lair:3   | 14000 ||| INVOKING Heroism.
 14105 | Lair:3   | 14105 ||| Stepping ~*~*~tactically~*~*~ (stealth).
 14108 | Lair:3   | 14108 ||| Stepping ~*~*~tactically~*~*~ (stealth).
 14251 | Lair:3   | 14251 ||| INVOKING Heroism.
 14304 | Lair:3   | 14304 ||| INVOKING Heroism.
 14307 | Lair:3   | 14307 ||| SWAPPING to +1 demon whip of venom.
 14308 | Lair:3   | 14308 ||| Stepping ~*~*~tactically~*~*~ (outnumbered).
 14318 | Lair:3   | Reached ***** piety under Okawaru
 14319 | Lair:3   | 14319 ||| SWAPPING to +0 broad axe.
 14434 | Lair:3   | 14434 ||| INVOKING Heroism.
 14529 | Lair:3   | 14529 ||| INVOKING Heroism.
 14531 | Lair:3   | Noticed Urug
 14532 | Lair:3   | 14532 ||| Stepping ~*~*~tactically~*~*~ (stealth).
 14536 | Lair:3   | 14536 ||| INVOKING Finesse.
 14563 | Lair:3   | Killed Urug
 14780 | Lair:3   | 14780 ||| UPGRADING to +6 ring of strength.
 14788 | Lair:4   | 14788 ||| INVOKING Heroism.
 14791 | Lair:4   | 14791 ||| STAIRDANCE
 14838 | Lair:4   | 14838 ||| INVOKING Heroism.
 14913 | Lair:4   | 14913 ||| Stepping ~*~*~tactically~*~*~ (hiding).
 14914 | Lair:4   | 14914 ||| INVOKING Heroism.
 14915 | Lair:4   | 14915 ||| Stepping ~*~*~tactically~*~*~ (hiding).
 14916 | Lair:4   | 14916 ||| INVOKING Finesse.
 15028 | Lair:4   | 15028 ||| INVOKING Heroism.
 15069 | Lair:4   | Received a gift from Okawaru
 15075 | Lair:4   | 15075 ||| Stepping ~*~*~tactically~*~*~ (stealth).
 15107 | Lair:4   | Found a viscous altar of Jiyva.
 15133 | Lair:4   | Found a staircase to the Slime Pits.
 15153 | Lair:4   | 15153 ||| INVOKING Heroism.
 15158 | Lair:4   | 15158 ||| INVOKING Finesse.
 15180 | Lair:4   | Reached skill level 9 in Invocations
 15203 | Lair:4   | Reached skill level 15 in Axes
 15207 | Lair:4   | Received a gift from Okawaru
 15213 | Lair:4   | Reached skill level 3 in Dodging
 15219 | Lair:4   | 15219 ||| INVOKING Heroism.
 15221 | Lair:4   | Gained mutation: Your large and strong wings let you fly.
                  | [Gargoyle growth]
 15221 | Lair:4   | Reached XP level 14. HP: 77/90 MP: 15/21
 15686 | Lair:4   | 15686 ||| UPGRADING to +2 helmet of intelligence.
 15696 | Lair:4   | 15696 ||| DROPPING +0 helmet.
 15697 | Lair:4   | 15697 ||| READING scroll labelled WIFIYP DOOFU.
 15698 | Lair:4   | 15698 ||| DROPPING +1 demon whip of venom.
 15699 | Lair:4   | 15699 ||| READING scroll labelled RYC ASICURIWU.
 15728 | Lair:5   | Entered Level 5 of the Lair of Beasts
 15946 | Lair:5   | 15946 ||| INVOKING Heroism.
 15966 | Lair:5   | Reached skill level 12 in Fighting
 16121 | Lair:5   | 16121 ||| INVOKING Heroism.
 16640 | Lair:5   | 16640 ||| PLANNING D
 16917 | D:12     | 16917 ||| INVOKING Heroism.
 16986 | D:12     | 16986 ||| INVOKING Heroism.
 17413 | D:12     | 17413 ||| INVOKING Heroism.
 17472 | D:12     | 17472 ||| INVOKING Heroism.
 17500 | D:12     | Noticed Fannar
 17510 | D:12     | 17510 ||| INVOKING Heroism.
 17516 | D:12     | Killed Fannar
 17582 | D:12     | Identified the ring "Zyidise" {Will+ Int+4}
 17613 | D:12     | 17613 ||| Stepping ~*~*~tactically~*~*~ (hiding).
 17615 | D:12     | 17615 ||| Stepping ~*~*~tactically~*~*~ (hiding).
 17616 | D:12     | 17616 ||| Stepping ~*~*~tactically~*~*~ (hiding).
 17625 | D:12     | 17625 ||| INVOKING Heroism.
 17675 | D:12     | Identified the +3 ring mail of the Goldsmith {+Blink rElec
                  | rN+ Dex-2}
 17955 | D:12     | 17955 ||| UPGRADING to amulet of reflection.
 17965 | D:12     | 17965 ||| DROPPING amulet of regeneration.
 17966 | D:12     | 17966 ||| DROPPING ring "Zyidise" {Will+ Int+4}.
 17974 | D:13     | 17974 ||| PLANNING GAUNTLET
 17978 | D:13     | 17978 ||| INVOKING Heroism.
 17984 | D:13     | Reached skill level 16 in Axes
 18178 | D:13     | Found a gate leading to a gauntlet.
 18181 | D:13     | 18181 ||| INVOKING Heroism.
 18186 | D:13     | HP: 20/92 [meliai/divine providence (12)]
 18187 | D:13     | 18187 ||| READING 6 scrolls of teleportation.
 18187 | D:13     | HP: 9/92 [meliai/divine providence (12)]
 18188 | D:13     | 18188 ||| DRINKING 2 potions of heal wounds.
 18191 | D:13     | 18191 ||| DRINKING potion of heal wounds.
 18380 | D:13     | 18380 ||| RIP GAUNTLET
 18397 | D:13     | 18397 ||| PLANNING D
 18428 | D:13     | 18428 ||| Stepping ~*~*~tactically~*~*~ (hiding).
 18445 | D:13     | 18445 ||| Stepping ~*~*~tactically~*~*~ (stealth).
 18448 | D:13     | 18448 ||| Stepping ~*~*~tactically~*~*~ (stealth).
 18466 | D:13     | 18466 ||| INVOKING Heroism.
 18732 | D:13     | 18732 ||| Stepping ~*~*~tactically~*~*~ (stealth).
 18734 | D:13     | 18734 ||| Stepping ~*~*~tactically~*~*~ (stealth).
 18735 | D:13     | 18735 ||| Stepping ~*~*~tactically~*~*~ (stealth).
 18740 | D:13     | 18740 ||| Stepping ~*~*~tactically~*~*~ (stealth).
 18750 | D:13     | 18750 ||| INVOKING Heroism.
 18924 | D:13     | 18924 ||| Stepping ~*~*~tactically~*~*~ (hiding).
 19114 | D:13     | 19114 ||| INVOKING Heroism.
 19115 | D:13     | 19115 ||| INVOKING Finesse.
 19425 | D:13     | 19425 ||| INVOKING Heroism.
 19429 | D:13     | 19429 ||| Stepping ~*~*~tactically~*~*~ (stealth).
 19439 | D:13     | 19439 ||| Stepping ~*~*~tactically~*~*~ (stealth).
 19440 | D:13     | 19440 ||| Stepping ~*~*~tactically~*~*~ (stealth).
 19551 | D:14     | 19551 ||| INVOKING Heroism.
 19552 | D:14     | 19552 ||| INVOKING Finesse.
 19592 | D:14     | 19592 ||| Stepping ~*~*~tactically~*~*~ (stealth).
 19593 | D:14     | 19593 ||| Stepping ~*~*~tactically~*~*~ (stealth).
 19612 | D:14     | 19612 ||| INVOKING Heroism.
 19618 | D:14     | 19618 ||| Stepping ~*~*~tactically~*~*~ (stealth).
 19795 | D:14     | 19795 ||| Stepping ~*~*~tactically~*~*~ (stealth).
 19811 | D:14     | Identified the +5 ring mail "Fesynu" {Will+ Int+4} (Okawaru
                  | gifted it to you on level 14 of the Dungeon)
 19811 | D:14     | Received a gift from Okawaru
 19887 | D:14     | Noticed Rupert
 19888 | D:14     | 19888 ||| INVOKING Heroism.
 19889 | D:14     | 19889 ||| INVOKING Finesse.
 19900 | D:14     | Killed Rupert
 19901 | D:14     | Reached skill level 17 in Axes
 19901 | D:14     | Reached XP level 15. HP: 96/96 MP: 15/22
 20065 | D:14     | 20065 ||| INVOKING Heroism.
 20252 | D:14     | 20252 ||| INVOKING Heroism.
 20536 | D:14     | 20536 ||| SWAPPING to +1 broad axe of venom.
 20614 | D:14     | Found a gate to the Vaults.
 20616 | D:14     | 20616 ||| Stepping ~*~*~tactically~*~*~ (stealth).
 20617 | D:14     | 20617 ||| Stepping ~*~*~tactically~*~*~ (stealth).
 20620 | D:14     | 20620 ||| FLEEEEING.
 20627 | D:14     | 20627 ||| FLEEEEING.
 20641 | D:14     | 20641 ||| FLEEEEING.
 20644 | D:14     | 20644 ||| STAIRDANCE
 20727 | D:13     | 20727 ||| DROPPING scarf of repulsion.
 20757 | D:14     | 20757 ||| Stepping ~*~*~tactically~*~*~ (stealth).
 20759 | D:14     | Noticed Lodul
 20760 | D:14     | 20760 ||| INVOKING Heroism.
 20781 | D:14     | Killed Lodul
 20986 | D:15     | Entered Level 15 of the Dungeon
 21000 | D:15     | 21000 ||| Stepping ~*~*~tactically~*~*~ (hiding).
 21003 | D:15     | 21003 ||| INVOKING Heroism.
 21029 | D:15     | 21029 ||| INVOKING Heroism.
 21033 | D:15     | 21033 ||| Stepping ~*~*~tactically~*~*~ (hiding).
 21290 | D:15     | 21290 ||| INVOKING Heroism.
 21304 | D:15     | 21304 ||| INVOKING Heroism.
 21402 | D:15     | 21402 ||| Stepping ~*~*~tactically~*~*~ (stealth).
 21424 | D:15     | 21424 ||| INVOKING Heroism.
 21628 | D:15     | Found a staircase to the Depths.
 21670 | D:15     | 21670 ||| FLEEEEING.
 21682 | D:15     | 21682 ||| FLEEEEING.
 21693 | D:15     | 21693 ||| FLEEEEING.
 21703 | D:15     | 21703 ||| STAIRDANCE
 21802 | D:15     | 21802 ||| Stepping randomly (cloudy).
 21803 | D:15     | 21803 ||| Stepping randomly (cloudy).
 21848 | D:15     | 21848 ||| Stepping ~*~*~tactically~*~*~ (stealth).
 21850 | D:15     | 21850 ||| Stepping ~*~*~tactically~*~*~ (hiding).
 21857 | D:15     | 21857 ||| INVOKING Heroism.
 21923 | D:15     | Received a gift from Okawaru
 21966 | D:15     | 21966 ||| FLEEEEING.
 22042 | D:15     | 22042 ||| FLEEEEING.
 22092 | D:15     | 22092 ||| FLEEEEING.
 22093 | D:15     | 22093 ||| FLEEEEING.
 22094 | D:15     | 22094 ||| FLEEEEING.
 22095 | D:15     | 22095 ||| FLEEEEING.
 22199 | D:15     | Found a radiant altar of Vehumet.
 22209 | D:15     | 22209 ||| Stepping ~*~*~tactically~*~*~ (hiding).
 22210 | D:15     | 22210 ||| Stepping ~*~*~tactically~*~*~ (hiding).
 22285 | D:15     | 22285 ||| INVOKING Heroism.
 22460 | D:15     | 22460 ||| Stepping ~*~*~tactically~*~*~ (hiding).
 22463 | D:15     | 22463 ||| INVOKING Heroism.
 22617 | D:15     | 22617 ||| INVOKING Heroism.
 22629 | D:15     | Reached skill level 18 in Axes
 22727 | D:15     | Found a runed translucent door.
 22780 | D:15     | 22780 ||| INVOKING Heroism.
 22848 | D:15     | 22848 ||| PLANNING ORC
 22848 | D:15     | 22848 ||| READING 10 scrolls of identify.
 22848 | D:15     | 22848 ||| IDENTIFYING sapphire potion
 22849 | D:15     | 22849 ||| DROPPING potion of berserk rage.
 23031 | Orc:1    | Entered Level 1 of the Orcish Mines
 23031 | Orc:1    | Noticed an orc warlord
 23031 | Orc:1    | Found a transporter.
 23032 | Orc:1    | 23032 ||| INVOKING Heroism.
 23167 | Orc:1    | 23167 ||| INVOKING Heroism.
 23248 | Orc:1    | 23248 ||| Stepping ~*~*~tactically~*~*~ (hiding).
 23251 | Orc:1    | 23251 ||| Stepping ~*~*~tactically~*~*~ (hiding).
 23257 | Orc:1    | 23257 ||| Stepping ~*~*~tactically~*~*~ (hiding).
 23259 | Orc:1    | 23259 ||| Stepping ~*~*~tactically~*~*~ (hiding).
 23260 | Orc:1    | 23260 ||| Stepping ~*~*~tactically~*~*~ (hiding).
 23261 | Orc:1    | 23261 ||| Stepping ~*~*~tactically~*~*~ (stealth).
 23262 | Orc:1    | 23262 ||| INVOKING Heroism.
 23278 | Orc:1    | Reached skill level 9 in Shields
 23545 | Orc:1    | Found a transporter.
 23552 | Orc:1    | Found a transporter.
 23556 | Orc:1    | Found an ornate altar of the Wu Jian Council.
 23557 | Orc:1    | 23557 ||| Stepping ~*~*~tactically~*~*~ (stealth).
 23559 | Orc:1    | 23559 ||| Stepping ~*~*~tactically~*~*~ (stealth).
 23561 | Orc:1    | 23561 ||| Stepping ~*~*~tactically~*~*~ (stealth).
 23563 | Orc:1    | Found a transporter.
 23565 | Orc:1    | 23565 ||| Stepping ~*~*~tactically~*~*~ (stealth).
 23566 | Orc:1    | 23566 ||| Stepping ~*~*~tactically~*~*~ (stealth).
 23567 | Orc:1    | 23567 ||| Stepping ~*~*~tactically~*~*~ (stealth).
 23568 | Orc:1    | 23568 ||| Stepping ~*~*~tactically~*~*~ (stealth).
 23592 | Orc:1    | 23592 ||| Stepping ~*~*~tactically~*~*~ (hiding).
 23665 | Orc:1    | 23665 ||| Stepping ~*~*~tactically~*~*~ (hiding).
 23670 | Orc:1    | 23670 ||| INVOKING Heroism.
 23822 | Orc:1    | Found an ornate altar of the Wu Jian Council.
 23864 | Orc:2    | Entered Level 2 of the Orcish Mines
 23865 | Orc:2    | 23865 ||| INVOKING Heroism.
 23882 | Orc:2    | 23882 ||| Stepping ~*~*~tactically~*~*~ (stealth).
 23883 | Orc:2    | 23883 ||| Stepping ~*~*~tactically~*~*~ (stealth).
 23884 | Orc:2    | 23884 ||| Stepping ~*~*~tactically~*~*~ (stealth).
 23885 | Orc:2    | 23885 ||| Stepping ~*~*~tactically~*~*~ (stealth).
 23919 | Orc:2    | 23919 ||| INVOKING Heroism.
 24095 | Orc:2    | 24095 ||| Stepping ~*~*~tactically~*~*~ (stealth).
 24096 | Orc:2    | 24096 ||| INVOKING Heroism.
 24109 | Orc:2    | Identified the +3 pair of gloves "Xeoh" {SInv} (Okawaru
                  | gifted it to you on level 2 of the Orcish Mines)
 24109 | Orc:2    | Received a gift from Okawaru
 24251 | Orc:2    | 24251 ||| INVOKING Heroism.
 24323 | Orc:2    | Found a staircase to the Elven Halls.
 24379 | Orc:2    | 24379 ||| INVOKING Heroism.
 24384 | Orc:2    | Found Desauzomu's Antique Weapon Shoppe.
 24385 | Orc:2    | Found Hanwonur's Antique Weapon Shop.
 24385 | Orc:2    | Found Puhud's Magic Scroll Emporium.
 24408 | Orc:2    | Reached XP level 16. HP: 74/105 MP: 23/23
 24544 | Orc:2    | 24544 ||| INVOKING Heroism.
 24682 | Orc:2    | Found Gieqah Iletz's Antique Weapon Boutique.
 24688 | Orc:2    | 24688 ||| BUYING 3 scrolls of identify (90 gold).
 24688 | Orc:2    | Bought 3 scrolls of identify for 90 gold pieces
 24688 | Orc:2    | 24688 ||| BUYING scroll of teleportation (45 gold).
 24688 | Orc:2    | Bought a scroll of teleportation for 45 gold pieces
 24738 | Orc:2    | 24738 ||| INVOKING Heroism.
 24739 | Orc:2    | 24739 ||| INVOKING Finesse.
 24740 | Orc:2    | 24740 ||| INVOKING Finesse.
 24844 | Orc:2    | Noticed qw's ghost (journeyman GrBe)
 24847 | Orc:2    | Found a runed translucent door.
 24851 | Orc:2    | 24851 ||| DROPPING +0 chain mail of cold resistance.
 24852 | Orc:2    | 24852 ||| DROPPING +1 plate armour.
 24868 | Orc:2    | Noticed Azrael
 24869 | Orc:2    | 24869 ||| INVOKING Heroism.
 24870 | Orc:2    | 24870 ||| INVOKING Finesse.
 24883 | Orc:2    | Killed Azrael
 25002 | Orc:2    | 25002 ||| Stepping ~*~*~tactically~*~*~ (hiding).
 25003 | Orc:2    | 25003 ||| Stepping ~*~*~tactically~*~*~ (hiding).
 25235 | Orc:2    | 25235 ||| PLANNING SWAMP:1-3
 25235 | Orc:2    | 25235 ||| UPGRADING to +3 pair of gloves "Xeoh" {SInv}.
 25240 | Orc:2    | 25240 ||| UPGRADING to +1 plate armour of cold resistance.
 25250 | Orc:2    | 25250 ||| READING scroll of enchant armour.
 25250 | Orc:2    | 25250 ||| ENCHANTING +1 plate armour of cold resistance.
 25251 | Orc:2    | 25251 ||| DROPPING +4 chain mail of willpower.
 25492 | Swamp:1  | Entered Level 1 of the Swamp
 25540 | Swamp:1  | 25540 ||| INVOKING Heroism.
 25778 | Swamp:1  | 25778 ||| Stepping ~*~*~tactically~*~*~ (hiding).
 25779 | Swamp:1  | Noticed a thorn hunter
 25780 | Swamp:1  | 25780 ||| INVOKING Heroism.
 25790 | Swamp:1  | 25790 ||| SWAPPING to +0 broad axe of flaming.
 25792 | Swamp:1  | 25792 ||| SWAPPING to +1 broad axe of venom.
 25793 | Swamp:1  | 25793 ||| SWAPPING to +0 broad axe of flaming.
 25811 | Swamp:1  | 25811 ||| INVOKING Heroism.
 25816 | Swamp:1  | HP: 23/106 [four-headed hydra (8)]
 25817 | Swamp:1  | 25817 ||| READING 7 scrolls of teleportation.
 25818 | Swamp:1  | 25818 ||| DRINKING potion of heal wounds.
 25820 | Swamp:1  | HP: 10/106 [hornet[a spriggan druid] (2)]
 25822 | Swamp:1  | 25822 ||| READING 6 scrolls of teleportation.
 25823 | Swamp:1  | 25823 ||| SWAPPING to +1 broad axe of venom.
 26147 | Swamp:1  | 26147 ||| Stepping ~*~*~tactically~*~*~ (stealth).
 26191 | Swamp:1  | 26191 ||| Stepping ~*~*~tactically~*~*~ (stealth).
 26192 | Swamp:1  | 26192 ||| Stepping ~*~*~tactically~*~*~ (stealth).
 26193 | Swamp:1  | 26193 ||| Stepping ~*~*~tactically~*~*~ (stealth).
 26218 | Swamp:1  | Reached skill level 12 in Armour
 26294 | Swamp:1  | 26294 ||| INVOKING Heroism.
 26296 | Swamp:1  | 26296 ||| DRINKING 8 potions of curing.
 26296 | Swamp:1  | 26296 ||| (to cure confusion)
 26300 | Swamp:1  | 26300 ||| SWAPPING to +0 broad axe of flaming.
 26304 | Swamp:1  | 26304 ||| SWAPPING to +1 broad axe of venom.
 26306 | Swamp:1  | 26306 ||| SWAPPING to +0 broad axe of flaming.
 26314 | Swamp:1  | 26314 ||| SWAPPING to +1 broad axe of venom.
 26406 | Swamp:1  | 26406 ||| Stepping ~*~*~tactically~*~*~ (stealth).
 26417 | Swamp:1  | 26417 ||| Stepping ~*~*~tactically~*~*~ (stealth).
 26466 | Swamp:1  | 26466 ||| Stepping ~*~*~tactically~*~*~ (hiding).
 26471 | Swamp:1  | 26471 ||| INVOKING Heroism.
 26472 | Swamp:1  | 26472 ||| SWAPPING to +0 broad axe of flaming.
 26480 | Swamp:1  | 26480 ||| SWAPPING to +1 broad axe of venom.
 26497 | Swamp:1  | 26497 ||| Stepping ~*~*~tactically~*~*~ (stealth).
 26513 | Swamp:1  | Killed a thorn hunter
 26513 | Swamp:1  | Received a gift from Okawaru
 26732 | Swamp:1  | Found a hide-covered altar of Uskayaw.
 26825 | Swamp:2  | 26825 ||| INVOKING Heroism.
 26833 | Swamp:2  | Received a gift from Okawaru
 26922 | Swamp:2  | 26922 ||| Stepping ~*~*~tactically~*~*~ (stealth).
 26973 | Swamp:2  | Noticed Mlioglotl
 26974 | Swamp:2  | 26974 ||| INVOKING Heroism.
 26975 | Swamp:2  | 26975 ||| INVOKING Finesse.
 26994 | Swamp:2  | Killed Mlioglotl
 27182 | Swamp:2  | 27182 ||| Stepping ~*~*~tactically~*~*~ (hiding).
 27184 | Swamp:2  | 27184 ||| Stepping ~*~*~tactically~*~*~ (hiding).
 27195 | Swamp:2  | 27195 ||| Stepping ~*~*~tactically~*~*~ (stealth).
 27197 | Swamp:2  | 27197 ||| Stepping ~*~*~tactically~*~*~ (hiding).
 27275 | Swamp:2  | 27275 ||| FLEEEEING.
 27276 | Swamp:2  | 27276 ||| FLEEEEING.
 27277 | Swamp:2  | 27277 ||| FLEEEEING.
 27278 | Swamp:2  | 27278 ||| FLEEEEING.
 27279 | Swamp:2  | 27279 ||| FLEEEEING.
 27280 | Swamp:2  | 27280 ||| FLEEEEING.
 27281 | Swamp:2  | 27281 ||| FLEEEEING.
 27282 | Swamp:2  | 27282 ||| FLEEEEING.
 27283 | Swamp:2  | 27283 ||| FLEEEEING.
 27284 | Swamp:2  | 27284 ||| FLEEEEING.
 27285 | Swamp:2  | 27285 ||| FLEEEEING.
 27286 | Swamp:2  | 27286 ||| FLEEEEING.
 27287 | Swamp:2  | 27287 ||| FLEEEEING.
 27288 | Swamp:2  | 27288 ||| FLEEEEING.
 27289 | Swamp:2  | 27289 ||| STAIRDANCE
 27393 | Swamp:2  | 27393 ||| STAIRDANCE
 27398 | Swamp:1  | Identified the +0 pair of gloves of the Ant {Int+2 SInv}
                  | (Okawaru gifted it to you on level 1 of the Swamp)
 27398 | Swamp:1  | Received a gift from Okawaru
 27400 | Swamp:1  | 27400 ||| DROPPING +0 pair of gloves of the Ant {Int+2
                  | SInv}.
 27403 | Swamp:2  | 27403 ||| INVOKING Heroism.
 27415 | Swamp:2  | Reached skill level 6 in Throwing
 27914 | Swamp:2  | 27914 ||| INVOKING Heroism.
 28196 | Swamp:3  | 28196 ||| INVOKING Heroism.
 28483 | Swamp:3  | Noticed a thorn hunter
 28494 | Swamp:3  | 28494 ||| INVOKING Heroism.
 28495 | Swamp:3  | 28495 ||| Stepping ~*~*~tactically~*~*~ (hiding).
 28496 | Swamp:3  | 28496 ||| INVOKING Finesse.
 28503 | Swamp:3  | Killed a thorn hunter
 28504 | Swamp:3  | Reached skill level 15 in Fighting
 28564 | Swamp:3  | 28564 ||| INVOKING Heroism.
 28805 | Swamp:3  | 28805 ||| Stepping ~*~*~tactically~*~*~ (stealth).
 28806 | Swamp:3  | 28806 ||| INVOKING Heroism.
 28819 | Swamp:3  | Noticed a fenstrider witch
 28835 | Swamp:3  | HP: 27/108 [ghoul (1)]
 28836 | Swamp:3  | 28836 ||| READING 5 scrolls of teleportation.
 28838 | Swamp:3  | HP: 10/108 [ghoul (18)]
 28839 | Swamp:3  | 28839 ||| DRINKING 2 potions of heal wounds.
 28842 | Swamp:3  | Killed a fenstrider witch
 29184 | Swamp:3  | 29184 ||| Stepping ~*~*~tactically~*~*~ (stealth).
 29188 | Swamp:3  | 29188 ||| INVOKING Heroism.
 29208 | Swamp:3  | Reached XP level 17. HP: 101/113 MP: 24/24
 29299 | Swamp:3  | 29299 ||| Stepping ~*~*~tactically~*~*~ (stealth).
 29313 | Swamp:3  | 29313 ||| Stepping ~*~*~tactically~*~*~ (stealth).
 29316 | Swamp:3  | 29316 ||| INVOKING Heroism.
 29317 | Swamp:3  | 29317 ||| Stepping ~*~*~tactically~*~*~ (hiding).
 29392 | Swamp:3  | 29392 ||| INVOKING Heroism.
 29395 | Swamp:3  | 29395 ||| SWAPPING to +0 broad axe of flaming.
 29404 | Swamp:3  | 29404 ||| SWAPPING to +1 broad axe of venom.
 29508 | Swamp:3  | 29508 ||| PLANNING SNAKE:1-3
 29508 | Swamp:3  | 29508 ||| READING scroll labelled FIP MUTAVOCZU.
 29672 | Snake:1  | Entered Level 1 of the Snake Pit
 29988 | Snake:1  | 29988 ||| INVOKING Heroism.
 30022 | Snake:1  | 30022 ||| Stepping ~*~*~tactically~*~*~ (hiding).
 30435 | Snake:1  | 30435 ||| Stepping ~*~*~tactically~*~*~ (hiding).
 30552 | Snake:1  | 30552 ||| INVOKING Heroism.
 30682 | Snake:1  | 30682 ||| UPGRADING to +1 kite shield of protection.
 30692 | Snake:1  | 30692 ||| DROPPING +3 warlock's mirror {reflect}.
 30725 | Snake:2  | 30725 ||| INVOKING Heroism.
 30983 | Snake:2  | 30983 ||| INVOKING Heroism.
 31010 | Snake:2  | HP: 28/113 [mana viper[a naga ritualist] (11)]
 31010 | Snake:2  | HP: 12/113 [salamander/+4 trident (16)]
 31010 | Snake:2  | HP: 5/113 [salamander/+4 trident (7)]
 31011 | Snake:2  | 31011 ||| READING 7 scrolls of teleportation.
 31012 | Snake:2  | 31012 ||| DRINKING 4 potions of heal wounds.
 31013 | Snake:2  | 31013 ||| DRINKING 3 potions of heal wounds.
 31014 | Snake:2  | 31014 ||| DRINKING 2 potions of heal wounds.
 31015 | Snake:2  | HP: 23/113 [salamander/+4 trident (13)]
 31016 | Snake:2  | 31016 ||| DRINKING potion of heal wounds.
 31106 | Snake:2  | 31106 ||| INVOKING Heroism.
 31300 | Snake:2  | 31300 ||| INVOKING Heroism.
 31307 | Snake:2  | 31307 ||| Stepping ~*~*~tactically~*~*~ (hiding).
 31310 | Snake:2  | 31310 ||| Stepping ~*~*~tactically~*~*~ (hiding).
 31350 | Snake:2  | 31350 ||| Stepping ~*~*~tactically~*~*~ (stealth).
 31363 | Snake:2  | 31363 ||| Stepping ~*~*~tactically~*~*~ (stealth).
 31393 | Snake:2  | Received a gift from Okawaru
 31468 | Snake:2  | 31468 ||| Stepping ~*~*~tactically~*~*~ (hiding).
 31497 | Snake:2  | Reached skill level 12 in Shields
 31498 | Snake:2  | 31498 ||| INVOKING Heroism.
 31512 | Snake:2  | 31512 ||| Stepping ~*~*~tactically~*~*~ (hiding).
 31565 | Snake:2  | 31565 ||| INVOKING Heroism.
 31565 | Snake:2  | Noticed Kirke
 31581 | Snake:2  | Killed Kirke
 31673 | Snake:2  | 31673 ||| Stepping ~*~*~tactically~*~*~ (stealth).
 31675 | Snake:2  | 31675 ||| Stepping ~*~*~tactically~*~*~ (hiding).
 31751 | Snake:2  | 31751 ||| Stepping ~*~*~tactically~*~*~ (stealth).
 31818 | Snake:2  | 31818 ||| Stepping ~*~*~tactically~*~*~ (hiding).
 31822 | Snake:2  | 31822 ||| Stepping ~*~*~tactically~*~*~ (hiding).
 31826 | Snake:2  | 31826 ||| INVOKING Heroism.
 31838 | Snake:2  | Identified the +1 pair of gloves of Nyuriz {Int+6} (Okawaru
                  | gifted it to you on level 2 of the Snake Pit)
 31838 | Snake:2  | Received a gift from Okawaru
 32221 | Snake:2  | 32221 ||| Stepping ~*~*~tactically~*~*~ (hiding).
 32380 | Snake:2  | 32380 ||| DROPPING +1 pair of gloves of Nyuriz {Int+6}.
 32381 | Snake:2  | 32381 ||| READING scroll labelled WUOM ZU MAEDYDD.
 32491 | Snake:3  | 32491 ||| INVOKING Heroism.
 32574 | Snake:3  | Identified the +4 chain mail of Shielding {Fly rC+}
 32606 | Snake:3  | 32606 ||| INVOKING Heroism.
 32640 | Snake:3  | 32640 ||| Stepping ~*~*~tactically~*~*~ (hiding).
 32645 | Snake:3  | 32645 ||| INVOKING Heroism.
 32698 | Snake:3  | Found Measuorgh's Weapon Emporium.
 32698 | Snake:3  | Found Baysean's Armour Shoppe.
 32746 | Snake:3  | 32746 ||| BUYING +4 plate armour of Bynleaph {Harm rC+
                  | Int-4} (583 gold).
 32746 | Snake:3  | Bought the +4 plate armour of Bynleaph {Harm rC+ Int-4} for
                  | 583 gold pieces
 32748 | Snake:3  | 32748 ||| Stepping ~*~*~tactically~*~*~ (hiding).
 32749 | Snake:3  | 32749 ||| Stepping ~*~*~tactically~*~*~ (hiding).
 32858 | Snake:3  | 32858 ||| BUYING +3 broad axe of venom (283 gold).
 32858 | Snake:3  | Bought a +3 broad axe of venom for 283 gold pieces
 32858 | Snake:3  | 32858 ||| SWAPPING to +3 broad axe of venom.
 32859 | Snake:3  | 32859 ||| DROPPING +1 broad axe of venom.
 32879 | Snake:3  | 32879 ||| INVOKING Heroism.
 32898 | Snake:3  | 32898 ||| Stepping ~*~*~tactically~*~*~ (hiding).
 32918 | Snake:3  | 32918 ||| Stepping ~*~*~tactically~*~*~ (hiding).
 32933 | Snake:3  | 32933 ||| Stepping ~*~*~tactically~*~*~ (stealth).
 32936 | Snake:3  | 32936 ||| Stepping ~*~*~tactically~*~*~ (stealth).
 32958 | Snake:3  | 32958 ||| INVOKING Heroism.
 32971 | Snake:3  | 32971 ||| Stepping ~*~*~tactically~*~*~ (hiding).
 33044 | Snake:3  | 33044 ||| Stepping ~*~*~tactically~*~*~ (hiding).
 33134 | Snake:3  | 33134 ||| Stepping ~*~*~tactically~*~*~ (hiding).
 33135 | Snake:3  | 33135 ||| Stepping ~*~*~tactically~*~*~ (hiding).
 33566 | Snake:3  | 33566 ||| Stepping ~*~*~tactically~*~*~ (stealth).
 33573 | Snake:3  | 33573 ||| INVOKING Heroism.
 33805 | Snake:3  | Reached XP level 18. HP: 119/119 MP: 25/25
 33807 | Snake:3  | 33807 ||| DROPPING +0 broad axe of flaming.
 33920 | Snake:3  | 33920 ||| PLANNING SWAMP:4
 33920 | Snake:3  | 33920 ||| DROPPING +4 chain mail of Shielding {Fly rC+}.
 33921 | Snake:3  | 33921 ||| DROPPING ring of magical power.
 34054 | Swamp:4  | Entered Level 4 of the Swamp
 34090 | Swamp:4  | 34090 ||| Stepping ~*~*~tactically~*~*~ (stealth).
 34092 | Swamp:4  | 34092 ||| INVOKING Heroism.
 34109 | Swamp:4  | 34109 ||| Stepping ~*~*~tactically~*~*~ (hiding).
 34195 | Swamp:4  | 34195 ||| Stepping ~*~*~tactically~*~*~ (hiding).
 34216 | Swamp:4  | 34216 ||| Stepping ~*~*~tactically~*~*~ (stealth).
 34217 | Swamp:4  | 34217 ||| INVOKING Heroism.
 34218 | Swamp:4  | 34218 ||| Stepping ~*~*~tactically~*~*~ (hiding).
 34364 | Swamp:4  | 34364 ||| Stepping ~*~*~tactically~*~*~ (hiding).
 34367 | Swamp:4  | 34367 ||| INVOKING Heroism.
 34371 | Swamp:4  | Reached skill level 15 in Shields
 34375 | Swamp:4  | 34375 ||| Stepping ~*~*~tactically~*~*~ (hiding).
 34436 | Swamp:4  | 34436 ||| INVOKING Heroism.
 34437 | Swamp:4  | 34437 ||| Stepping ~*~*~tactically~*~*~ (hiding).
 34473 | Swamp:4  | 34473 ||| FLEEEEING.
 34474 | Swamp:4  | 34474 ||| FLEEEEING.
 34475 | Swamp:4  | 34475 ||| INVOKING Heroism.
 34755 | Swamp:4  | 34755 ||| Stepping ~*~*~tactically~*~*~ (hiding).
 34758 | Swamp:4  | 34758 ||| Stepping ~*~*~tactically~*~*~ (hiding).
 34772 | Swamp:4  | 34772 ||| INVOKING Heroism.
 34933 | Swamp:4  | 34933 ||| Stepping ~*~*~tactically~*~*~ (stealth).
 34934 | Swamp:4  | 34934 ||| Stepping ~*~*~tactically~*~*~ (stealth).
 34943 | Swamp:4  | 34943 ||| Stepping ~*~*~tactically~*~*~ (stealth).
 34945 | Swamp:4  | 34945 ||| Stepping ~*~*~tactically~*~*~ (hiding).
 34947 | Swamp:4  | 34947 ||| INVOKING Heroism.
 34953 | Swamp:4  | Received a gift from Okawaru
 34956 | Swamp:4  | 34956 ||| Stepping ~*~*~tactically~*~*~ (stealth).
 34957 | Swamp:4  | 34957 ||| Stepping ~*~*~tactically~*~*~ (hiding).
 34986 | Swamp:4  | 34986 ||| FLEEEEING.
 34987 | Swamp:4  | 34987 ||| FLEEEEING.
 34988 | Swamp:4  | 34988 ||| FLEEEEING.
 34991 | Swamp:4  | HP: 27/120 [spectral death drake[a ghost crab] (6)]
 34992 | Swamp:4  | 34992 ||| READING 7 scrolls of teleportation.
 34993 | Swamp:4  | 34993 ||| DRINKING potion of heal wounds.
 35100 | Swamp:4  | 35100 ||| INVOKING Heroism.
 35115 | Swamp:4  | 35115 ||| Stepping ~*~*~tactically~*~*~ (cloud).
 35373 | Swamp:4  | Noticed a bone dragon
 35378 | Swamp:4  | 35378 ||| INVOKING Heroism.
 35387 | Swamp:4  | Killed a bone dragon
 35395 | Swamp:4  | Reached skill level 15 in Armour
 35650 | Swamp:4  | Got a decaying rune of Zot
 35680 | Swamp:4  | 35680 ||| PLANNING VAULTS:1-4
 35913 | D:9      | 35913 ||| Stepping ~*~*~tactically~*~*~ (stealth).
 35915 | D:9      | 35915 ||| Stepping ~*~*~tactically~*~*~ (hiding).
 36132 | Vaults:1 | Entered Level 1 of the Vaults
 36156 | Vaults:1 | 36156 ||| INVOKING Heroism.
 36321 | Vaults:1 | 36321 ||| Stepping ~*~*~tactically~*~*~ (hiding).
 36332 | Vaults:1 | 36332 ||| Stepping ~*~*~tactically~*~*~ (stealth).
 36335 | Vaults:1 | 36335 ||| INVOKING Heroism.
 36336 | Vaults:1 | 36336 ||| INVOKING Finesse.
 36342 | Vaults:1 | 36342 ||| Stepping ~*~*~tactically~*~*~ (stealth).
 36386 | Vaults:1 | 36386 ||| Stepping ~*~*~tactically~*~*~ (stealth).
 36387 | Vaults:1 | 36387 ||| Stepping ~*~*~tactically~*~*~ (stealth).
 36407 | Vaults:1 | 36407 ||| INVOKING Heroism.
 36407 | Vaults:1 | Received a gift from Okawaru
 36425 | Vaults:1 | 36425 ||| Stepping ~*~*~tactically~*~*~ (stealth).
 36459 | Vaults:1 | 36459 ||| Stepping ~*~*~tactically~*~*~ (hiding).
 36470 | Vaults:1 | 36470 ||| Stepping ~*~*~tactically~*~*~ (stealth).
 36478 | Vaults:1 | 36478 ||| Stepping ~*~*~tactically~*~*~ (stealth).
 36673 | Vaults:1 | 36673 ||| INVOKING Heroism.
 36674 | Vaults:1 | 36674 ||| Stepping ~*~*~tactically~*~*~ (stealth).
 36677 | Vaults:1 | 36677 ||| Stepping ~*~*~tactically~*~*~ (stealth).
 36870 | Vaults:1 | 36870 ||| INVOKING Heroism.
 36871 | Vaults:1 | 36871 ||| Stepping ~*~*~tactically~*~*~ (stealth).
 36872 | Vaults:1 | 36872 ||| Stepping ~*~*~tactically~*~*~ (stealth).
 37044 | Vaults:1 | 37044 ||| Stepping ~*~*~tactically~*~*~ (stealth).
 37052 | Vaults:1 | 37052 ||| INVOKING Heroism.
 37068 | Vaults:1 | Received a gift from Okawaru
 37245 | Vaults:1 | Found the +14 obsidian axe {vorpal, Mesm Drain Fly SInv}
 37248 | Vaults:1 | 37248 ||| Stepping ~*~*~tactically~*~*~ (stealth).
 37251 | Vaults:1 | 37251 ||| Stepping ~*~*~tactically~*~*~ (stealth).
 37371 | Vaults:1 | 37371 ||| SWAPPING to +14 obsidian axe {vorpal, Mesm Drain
                  | Fly SInv}.
 37372 | Vaults:1 | 37372 ||| DROPPING +3 broad axe of venom.
 37656 | Vaults:1 | 37656 ||| Stepping ~*~*~tactically~*~*~ (stealth).
 37741 | Vaults:2 | 37741 ||| INVOKING Heroism.
 37747 | Vaults:2 | Reached skill level 9 in Throwing
 38196 | Vaults:2 | 38196 ||| READING scroll of enchant armour.
 38196 | Vaults:2 | 38196 ||| ENCHANTING +2 plate armour of cold resistance.
 38262 | Vaults:2 | 38262 ||| Stepping ~*~*~tactically~*~*~ (hiding).
 38394 | Vaults:2 | 38394 ||| INVOKING Finesse.
 38401 | Vaults:2 | 38401 ||| INVOKING Heroism.
 38406 | Vaults:2 | Reached XP level 19. HP: 128/128 MP: 19/26
 38585 | Vaults:2 | 38585 ||| Stepping ~*~*~tactically~*~*~ (hiding).
 38632 | Vaults:2 | 38632 ||| INVOKING Heroism.
 38636 | Vaults:2 | Identified the +1 crystal plate armour of the Mind {Str+4}
                  | (Okawaru gifted it to you on level 2 of the Vaults)
 38636 | Vaults:2 | Received a gift from Okawaru
 38889 | Vaults:2 | 38889 ||| Stepping ~*~*~tactically~*~*~ (stealth).
 39001 | Vaults:2 | 39001 ||| INVOKING Heroism.
 39198 | Vaults:2 | 39198 ||| INVOKING Heroism.
 39212 | Vaults:2 | 39212 ||| Stepping ~*~*~tactically~*~*~ (hiding).
 39257 | Vaults:2 | 39257 ||| Stepping ~*~*~tactically~*~*~ (hiding).
 39825 | Vaults:2 | 39825 ||| UPGRADING to +1 crystal plate armour of the Mind
                  | {Str+4}.
 39835 | Vaults:2 | 39835 ||| DROPPING +3 plate armour of cold resistance.
 39964 | Vaults:3 | 39964 ||| Stepping ~*~*~tactically~*~*~ (hiding).
 40073 | Vaults:3 | 40073 ||| Stepping ~*~*~tactically~*~*~ (hiding).
 40366 | Vaults:3 | 40366 ||| INVOKING Heroism.
 40399 | Vaults:3 | 40399 ||| INVOKING Heroism.
 40420 | Vaults:3 | HP: 25/128 [ironbound thunderhulk/bolt of lightning (8)]
 40421 | Vaults:3 | 40421 ||| READING 10 scrolls of teleportation.
 40422 | Vaults:3 | HP: 9/128 [ironbound thunderhulk/bolt of lightning (10)]
 40426 | Vaults:3 | Killed from afar by an ironbound thunderhulk

Levels and vault maps discovered:
D:1:      erik_arrival_blinker_ship, layout_rooms,
          dreamdust_ecumenical_altar_hidden_monk_grotto, minmay_distorted
D:2:      layout_rooms, serial_curves, eino_curves_01, eino_curves_03,
          basic_altar
D:3:      layout_rooms, minmay_joined_circles
D:4:      layout_basic, minmay_temple_entry_mist, kennysheep_generic_room_4
D:5:      layout_rooms, lemuel_coloured_pillars_altar, nicolae_shop_vocational
D:6:      layout_basic, nicolae_dithmenos_shadow_blocks, gup_sewer_entry_bowl,
          minmay_diced_spiral, uniq_edmund
D:7:      cheibrodos_quashed, layout_loops_ring, nicolae_overflow_hidden_temple,
          lemuel_doored_altar, minmay_statues_item, chequers_serial_rivers_marsh
D:8:      layout_loops_corners, dpeg_oklobed_lair, minmay_microvault,
          uniq_maurice
D:9:      layout_gridville, fedhas_bush_and_centaur_altar, eino_tiny_chamber,
          minmay_starry_boxes, uniq_grum, uniq_amaemon, uniq_psyche
D:10:     layout_roguey, nicolae_ru_sacrificial_ziggurat,
          minmay_overflow_temple_hex, david_orc_4
D:11:     layout_basic, serial_aquarium, aquarium_bridge_square
          [aquarium_subvault_balcony, aquarium_subvault_bridge,
          aquarium_subvault_bridge, aquarium_subvault_wall],
          aquarium_bridge_straight [aquarium_subvault_bridge,
          aquarium_subvault_wall, aquarium_subvault_bridge,
          aquarium_subvault_window], aquarium_window_2, aquarium_window_corner,
          aquarium_view_2b, serial_shops, nicolae_shop_stone,
          nicolae_stop_n_shop_2, hex_large,
          nicolae_concentric_dashed_squares_mild
D:12:     four-leaf_vault, layout_stronghold, uniq_fannar
D:13:     kennysheep_demon_hangout, layout_gridville, gauntlet_entry_generic
D:14:     layout_basic, infiniplex_staircase_x, uniq_rupert, uniq_lodul
D:15:     gammafunk_enter_depths_forms, layout_basic, fiery_altar_vehumet,
          amcnicky_mini_pool_small, nicolae_danse_macabre
Temple:   compressed_dpeg_circular_temple
Lair:1:   layout_roguey
Lair:2:   layout_regular_city, palyth_hydra_swamp_entry,
          guppyfry_snake_entry_island
Lair:3:   layout_gridlike, grunt_megastairs_2, uniq_urug, uniq_sonja
Lair:4:   layout_gridlike, minmay_slime_entry_pillars, grunt_megastairs_1
Lair:5:   wormcave, layout_cave_pods
Swamp:1:  layout_basic_swamp, nicolae_swamp_godswood, swamp_pool2,
          st_swamp_ruins_4
Swamp:2:  layout_basic_swamp, evilmike_swamp_ruin_house_2, uniq_mlioglotl
Swamp:3:  layout_falls_marsh, serial_swamp_ruin, evilmike_swamp_ruin_house_6,
          evilmike_swamp_ruin_rubble_2
Swamp:4:  swamp_pestilence, layout_basic_swamp, nicolae_swamp_trees_clearing
Snake:1:  layout_onion
Snake:2:  layout_honeycomb, uniq_kirke
Snake:3:  layout_basic, portal_ice_cave_entry_ice_simulacra, minmay_shoptagon
Orc:1:    dreamdust_wu_jian_sword_trials, layout_caves
Orc:2:    st_orc_rangers, layout_caves, hellmonk_ghost_happy_afterlife,
          uniq_azrael
Vaults:1: v_misc_8, nicolae_vaults_sealed_display, v_pattern_1,
          hangedman_vaults_locks, v_misc_27, nicolae_vaults_puzzle_piece,
          grunt_vaults_funnel, vaults_dpeg_ring, nicolae_vaults_shelves_hall,
          vaults_dpeg_diagonal, vaults_mumra_chevron_long, layout_vaults_omnibox
Vaults:2: ontoclasm_vaults_pinch, nicolae_vaults_ninety_degrees,
          vaults_room_hallway, vaults_room_boxed,
          nicolae_vaults_border_crossing, nicolae_vaults_quartermaster,
          vaults_room_semicircle, v_misc_9, vaults_room_semicircle,
          grunt_vaults_focal, ontoclasm_vaults_decontamination,
          layout_vaults_chaotic_city
Vaults:3: hangedman_vaults_river_flow, blue_anna_dwarven_crypt,
          nicolae_vaults_statue_guard, v_pattern_5, v_misc_29,
          nicolae_vaults_little_ls, ontoclasm_vaults_eye,
          ontoclasm_vaults_ligature, vaults_room_semicircle,
          nicolae_vaults_ring_of_whatevers, layout_vaults_quadrants

Skill      XL: |  1  2  3  4  5  6  7  8  9 10 11 12 13 14 15 16 17 18 19 |
---------------+----------------------------------------------------------+-----
Axes           | 2 3 4 5 6 7 8 10 11 12 14 15 17 18 | 18.0
Throwing       | 1 2 3 4 5 6 7 9 |  9.7
Fighting       | 4 6 7 9 10 11 12 13 15 17 | 17.0
Dodging        | 1 2 3 4 |  4.0
Armour         | 4 5 6 9 10 14 15 17 | 17.4
Shields        | 4 5 6 7 8 9 14 15 16 | 16.0
Invocations    | 4 5 10 | 10.0

Action                   |  1- 3 |  4- 6 |  7- 9 | 10-12 | 13-15 | 16-18 | 19-21 || total
-------------------------+-------+-------+-------+-------+-------+-------+-------++-------
Melee: War axe           |   121 |   125 |   290 |   112 |       |       |       ||   648
       Hand axe          |       |       |       |   334 |       |       |       ||   334
       Broad axe         |       |       |       |   369 |  1017 |  1371 |   198 ||  2955
       Demon whip        |       |       |       |    22 |    10 |       |       ||    32
Throw: Javelin           |       |    31 |    37 |    34 |    53 |    92 |     9 ||   256
       Boomerang         |       |       |     1 |    47 |   128 |    62 |     7 ||   245
Invok: Heroism           |       |       |       |    18 |    52 |    51 |     5 ||   126
       Finesse           |       |       |       |       |     6 |     6 |       ||    12
  Use: Scroll            |     3 |    11 |     3 |    14 |     4 |     9 |     1 ||    45
       Potion            |     2 |     2 |       |    10 |     2 |     8 |       ||    24
 Stab: Invisible         |       |       |       |     4 |       |       |       ||     4
       Petrified         |       |       |       |       |     3 |       |       ||     3
       Distracted        |       |       |       |       |       |     1 |       ||     1
Armor: Scale mail        |    65 |       |       |       |       |       |       ||    65
       Chain mail        |    22 |    74 |   207 |   521 |   512 |    29 |       ||  1365
       Plate armour      |       |       |       |   154 |       |   811 |    63 ||  1028
       Crystal plate arm |       |       |       |       |       |       |    64 ||    64
Dodge: Dodged            |    63 |    38 |   107 |   307 |   314 |   394 |    60 ||  1283
Block: Buckler           |    23 |    21 |    35 |   258 |   503 |   417 |       ||  1257
       Reflection        |       |       |       |    13 |    71 |   109 |    17 ||   210
       Kite shield       |       |       |       |       |       |   708 |   165 ||   873

Table legend:
 A = Non-vault XP
 B = Vault XP
 C = Vault XP percentage of total XP
 D = Non-vault monster count
 E = Vault monster count
 F = Vault count percentage of total count
                 A         B        C        D         E       F
            +---------+---------+-------+---------+---------+-------
      Total |  273434 |  101328 |  27.0 |     751 |     282 |  27.3
            +---------+---------+-------+---------+---------+-------
        D:1 |      65 |       7 |   9.7 |      29 |       4 |  12.1
        D:2 |     144 |       0 |   0.0 |       7 |       0 |   0.0
        D:3 |      25 |      51 |  67.1 |      10 |      10 |  50.0
        D:4 |     201 |       1 |   0.5 |      13 |       1 |   7.1
        D:5 |     313 |       0 |   0.0 |       7 |       0 |   0.0
        D:6 |    1478 |     442 |  23.0 |      20 |       8 |  28.6
        D:7 |    1818 |       0 |   0.0 |      12 |       0 |   0.0
        D:8 |    1251 |     653 |  34.3 |      17 |       2 |  10.5
        D:9 |    2944 |    2781 |  48.6 |      30 |      13 |  30.2
       D:10 |     907 |     664 |  42.3 |      10 |      13 |  56.5
       D:11 |    2782 |       0 |   0.0 |      18 |       0 |   0.0
       D:12 |    2205 |    6162 |  73.6 |       7 |      17 |  70.8
       D:13 |    9428 |     372 |   3.8 |      18 |       3 |  14.3
       D:14 |   10492 |    3723 |  26.2 |      18 |      11 |  37.9
       D:15 |   15947 |    6577 |  29.2 |      35 |       9 |  20.5
     Lair:1 |    7671 |       0 |   0.0 |      25 |       0 |   0.0
     Lair:2 |    5810 |    2533 |  30.4 |      21 |       7 |  25.0
     Lair:3 |    5518 |    3102 |  36.0 |      22 |       9 |  29.0
     Lair:4 |   14090 |     856 |   5.7 |      27 |       6 |  18.2
     Lair:5 |    7107 |       0 |   0.0 |      20 |       0 |   0.0
    Swamp:1 |    6177 |   10443 |  62.8 |      16 |      15 |  48.4
    Swamp:2 |   12464 |    1890 |  13.2 |      25 |       1 |   3.8
    Swamp:3 |   20992 |       0 |   0.0 |      34 |       0 |   0.0
    Swamp:4 |   15456 |   11801 |  43.3 |      25 |      34 |  57.6
    Snake:1 |   11412 |       0 |   0.0 |      22 |       0 |   0.0
    Snake:2 |   24680 |    2360 |   8.7 |      43 |       6 |  12.2
    Snake:3 |   17459 |    2309 |  11.7 |      39 |       8 |  17.0
      Orc:1 |    4082 |       0 |   0.0 |      34 |       0 |   0.0
      Orc:2 |    5707 |    7121 |  55.5 |      49 |      44 |  47.3
   Vaults:1 |   22249 |    8962 |  28.7 |      35 |      13 |  27.1
   Vaults:2 |   18725 |   25348 |  57.5 |      30 |      34 |  53.1
   Vaults:3 |   23835 |    2993 |  11.2 |      33 |       3 |   8.3
      Sewer |       0 |     177 | 100.0 |       0 |      11 | 100.0
            +---------+---------+-------+---------+---------+-------
